 Dungeon Crawl Stone Soup version 0.31.0-12-g77e489cdc1 (webtiles) character file.

Game seed: 5802657584979476957

157 sking99 the Grasshopper (level 5, 42/42 HPs)
             Began as a Ghoul Warper on Feb 29, 2024.
             Quit the game on level 3 of the Dungeon.
             The game lasted 00:05:51 (3321 turns).

sking99 the Grasshopper (Ghoul Warper)              Turns: 3321, Time: 00:05:52

Health: 42/42      AC:  3    Str: 17    XL:     5   Next: 38%
Magic:  8/8        EV: 11    Int: 12    God:
Gold:   225        SH:  0    Dex:  8    Spells: 5/9 levels left

rFire   . . .        l - +2 dagger (elec)
rCold   + . .        (no shield)
rNeg    + + +        b - +0 leather armour
rPois   ∞            i - +0 hat
rElec   .            (no cloak)
rCorr   .            (no gloves)
SInv    .            (no boots)
Will    .....        (no amulet)
Stlth   +            (no ring)
HPRegen 0.27/turn    (no ring)
MPRegen 0.11/turn

%: no passive effects
@: no status effects
A: claws 1, cold resistance 1, negative energy resistance 3, inhibited
regeneration, torment resistance 2, devour on kill
a: no special abilities


You were on level 3 of the Dungeon.
You visited 1 branch of the dungeon, and saw 3 of its levels.

You collected 225 gold pieces.

Inventory:

Hand Weapons
 a - a +0 hand axe
 l - a +2 dagger of electrocution (weapon)
Missiles
 d - 12 darts of dispersal (quivered)
Armour
 b - a +0 leather armour (worn)
 i - a +0 hat (worn)
Scrolls
 c - a scroll of blinking
 g - 3 scrolls of identify {unknown}
 h - 2 scrolls of teleportation {unknown}
 j - a scroll of noise {unknown}
 m - a scroll of fog {unknown}
 n - a scroll of acquirement {unknown}
 o - 2 scrolls of summoning {unknown}
Potions
 e - a potion of heal wounds {unknown}
 f - 2 potions of curing {unknown}
 k - a potion of enlightenment {unknown}


   Skills:
 + Level 2.4 Fighting
 + Level 1.5 Short Blades
 - Level 2.2 Axes
 - Level 1.2 Throwing
 - Level 1.2 Armour
 + Level 1.7 Dodging
 + Level 2.5 Spellcasting
 - Level 4.0 Translocations


You had 5 spell levels left.
You knew the following spells:

 Your Spells              Type           Power      Damage    Failure   Level
a - Blink                 Tloc           22%        N/A       9%          2
b - Lesser Beckoning      Tloc           22%        N/A       9%          2

Your spell library contained the following spells:

 Spells                   Type           Power      Damage    Failure   Level
 Teleport Other           Tloc           11%        N/A       19%         3
 Manifold Assault         Tloc           11%        N/A       52%         4
 Vhi's Electric Charge    Tloc/Air       12%        N/A       80%         4


Dungeon Overview and Level Annotations

Branches:
Dungeon (3/15)

Altars:

Shops:
D:1 (


Innate Abilities, Weirdness & Mutations

You are immune to poison.
You have sharp fingernails.
Your flesh is cold resistant. (rC+)
You are immune to negative energy. (rN+++)
You do not regenerate when monsters are visible.
You are immune to unholy pain and torment.
You thrive by killing the living.


Message History

You hit the giant cockroach.
The giant cockroach is heavily wounded.
The giant cockroach barely misses you.
You hit the giant cockroach.
You kill the giant cockroach!
The jackal bites you.
You completely miss the jackal.
The jackal bites you but does no damage.
You hit the jackal.
The jackal is heavily wounded.
The jackal closely misses you.
You completely miss the jackal.
The jackal is heavily wounded.
The jackal closely misses you.
You hit the jackal.
The jackal is severely wounded.
The jackal bites you but does no damage. x2
You hit the jackal. Lightning courses through the jackal!
You kill the jackal!
You now have 215 gold pieces (gained 10).
You now have 220 gold pieces (gained 5).
h - 2 scrolls labelled LENIME MI ODU (gained 1)
You see here a +0 leather armour.
You now have 225 gold pieces (gained 5).
An endoplasm comes into view.
Found a spear.
The endoplasm quivers.
The endoplasm moves out of view.
An endoplasm is nearby!
The endoplasm freezes you.
You are frozen.
You resist.
You hit the endoplasm.
The endoplasm is heavily wounded.
The endoplasm barely misses you.
You hit the endoplasm.
Lightning courses through the endoplasm!
You kill the endoplasm!
You feel better.
No target in view!
Are you sure you want to abandon this character and quit the game? (Confirm with "yes".)

#### ##...# ##.....## #.......#
........# #.......# #########
#...)...#######.......##
#....@......#.####...#
##.##.#####.#.###.....
.##.................
.......#######.###.....
###.#...## ###.# #....#
#######>.....###...# #.#### #..
..............##.### #.# ...
.............##...####.####
#.###.###..#.....#.............


There were no monsters in sight!

Vanquished Creatures
  Natasha (thrice) (D:2)
  2 adders
  A ribbon worm (D:2)
  A dart slug (D:3)
  7 ball pythons
  2 endoplasms
  3 giant cockroaches
  8 goblins
  8 hobgoblins
  A jackal (D:3)
  4 kobolds
  4 quokkas (D:1)
  7 bats
  4 frilled lizards
  3 rats
58 creatures vanquished.

Notes
Turn   | Place    | Note
-------+----------+-------------------------------------------
     0 | D:1      | sking99 the Ghoul Warper began the quest for the Orb.
     0 | D:1      | Reached XP level 1. HP: 17/17 MP: 3/3
   109 | D:1      | Reached skill level 1 in Throwing
   109 | D:1      | Reached skill level 1 in Armour
   209 | D:1      | Reached XP level 2. HP: 19/25 MP: 4/4
   348 | D:1      | Found a faded altar of an unknown god.
   554 | D:1      | Learned a level 2 spell: Blink
   557 | D:1      | Learned a level 2 spell: Lesser Beckoning
   639 | D:1      | Found Pecucu's Weapon Shoppe.
   999 | D:2      | Reached XP level 3. HP: 30/30 MP: 5/5
  1066 | D:2      | Reached skill level 3 in Translocations
  1919 | D:2      | Noticed Natasha
  2084 | D:2      | Killed Natasha
  2085 | D:2      | Reached skill level 1 in Short Blades
  2085 | D:2      | Reached XP level 4. HP: 23/37 MP: 7/7
  2136 | D:2      | Noticed Natasha
  2148 | D:2      | Killed Natasha
  2405 | D:2      | Noticed Natasha
  2410 | D:2      | Killed Natasha
  2411 | D:2      | Reached XP level 5. HP: 42/42 MP: 8/8
  3253 | D:3      | Reached skill level 4 in Translocations
  3321 | D:3      | Quit the game

Illustrated notes

Levels and vault maps discovered:
D:1:      minmay_arrival_three_doors, layout_loops_cross, serial_shops,
          nicolae_shop_hallway_plus, shapermc_ecumenical_altar_notcrosses
D:2:      layout_basic, uniq_natasha
D:3:      layout_loops_ring, tso_metal_star

Skill      XL: |  1  2  3  4  5 |
---------------+----------------+-----
Throwing       | 1 |  1.2
Armour         | 1 |  1.2
Axes           | 2 |  2.2
Translocations | 3 4 |  4.0
Spellcasting   | 2 |  2.5
Short Blades   | 1 |  1.5
Fighting       | |  2.4
Dodging        | |  1.7

Action                     |  1- 3 |  4- 6 || total
---------------------------+-------+-------++-------
  Melee: Hand axe          |   111 |       ||   111
         Punch             |     4 |     1 ||     5
         Dagger            |    48 |    71 ||   119
   Cast: Blink             |     1 |       ||     1
         Lesser Beckoning  |     1 |       ||     1
 Armour: Leather armour    |   111 |    53 ||   164
  Dodge: Dodged            |   108 |    40 ||   148
